 Dungeon Crawl Stone Soup version 0.30-b1-2-g02819fbbbe (webtiles) character file.

Game seed: 17412046641532985475

18398 Chingon the Severer (level 12, -2/104 HPs)
             Began as a Minotaur Fighter on May 21, 2023.
             Was a Priest of the Shining One.
             Slain by a reaper
             ... wielding a +0 scythe of freezing
              (5 damage)
             ... in an ice cave.
             The game lasted 00:14:02 (11362 turns).

Chingon the Severer (Minotaur Fighter)             Turns: 11362, Time: 00:14:03

Health: -2/104     AC: 18    Str: 32    XL:     12   Next: 27%
Magic:  10/18      EV:  8    Int:  5    God:    the Shining One [***...]
Gold:   947        SH: 16    Dex: 10    Spells: 11/11 levels left

rFire   . . .        C - +1 war axe (heavy)
rCold   + . .        c - +0 buckler
rNeg    + . .        H - +0 plate armour {rC+}
rPois   .            M - +1 hat
rElec   .            (no cloak)
rCorr   .            n - +0 pair of gloves
SInv    .            E - +1 pair of boots
Will    .....        (no amulet) Stlth
                     I - +4 ring of slaying
HPRegen 0.37/turn    K - +6 ring of strength
MPRegen 0.16/turn

%: no passive effects
@: divinely shielded, glowing
A: horns 2, retaliatory headbutt
a: Renounce Religion, Divine Shield, Cleansing Flame


You were in an ice cave.
You worshipped the Shining One.
The Shining One was most pleased with you.
You visited 2 branches of the dungeon, and saw 12 of its levels.
You also visited: Ice Cave.

You collected 947 gold pieces.

Inventory:

Hand Weapons
 u - a +1 heavy flail
 C - a +1 heavy war axe (weapon)
Armour
 c - a +0 buckler (worn)
 n - a +0 pair of gloves (worn)
 E - a +1 pair of boots (worn)
 H - a +0 plate armour of cold resistance (worn)
 M - a +1 hat (worn)
Jewellery
 p - a ring of positive energy
 x - a ring of flight
 I - a +4 ring of slaying (left hand)
 K - a +6 ring of strength (right hand)
Wands
 e - a wand of quicksilver (5)
 k - a wand of paralysis (5)
 B - a wand of roots (20)
 J - a wand of flame (10)
Scrolls
 b - 3 scrolls of teleportation
 f - 3 scrolls of fear
 g - 3 scrolls of immolation
 l - 3 scrolls of poison
 q - 3 scrolls of blinking
 t - 2 scrolls of magic mapping
 v - 2 scrolls of enchant armour
 w - a scroll of acquirement
 y - a scroll of enchant weapon
 F - a scroll of fog
Potions
 a - 2 potions of haste {unknown}
 d - a potion of might
 h - 3 potions of lignification {unknown}
 j - 5 potions of curing {unknown}
 m - 5 potions of heal wounds {unknown}
 o - 3 potions of degeneration {unknown}
 r - 2 potions of brilliance {unknown}
 A - 2 potions of attraction {unknown}
 D - a potion of berserk rage {unknown}
 G - a potion of flight {unknown}
 L - a potion of resistance {unknown}


   Skills:
 + Level 9.0 Fighting
 - Level 16.0 Axes
 + Level 9.0 Armour
 + Level 9.0 Shields
 - Level 10.0 Invocations


You had 11 spell levels left.
You didn't know any spells.
Your spell library contained the following spells:

 Spells                   Type           Power      Damage    Failure   Level
 Kiss of Death            Conj/Necr      0%         2d5       99%         1
 Confusing Touch          Hex            0%         N/A       100%        3
 Gell's Gravitas          Tloc           0%         N/A       100%        3
 Teleport Other           Tloc           0%         N/A       100%        3
 Vhi's Electric Charge    Tloc/Air       0%         N/A       100%        3
 Anguish                  Hex/Necr       0%         N/A       100%        4
 Cause Fear               Hex            0%         N/A       100%        4
 Dispel Undead            Necr           0%         3d6       100%        4
 Manifold Assault         Tloc           0%         N/A       100%        4
 Petrify                  Tmut/Erth      0%         N/A       100%        4
 Arcjolt                  Conj/Air       0%         1d10      100%        5
 Metabolic Englaciation   Hex/Ice        0%         N/A       100%        5
 Dispersal                Tloc           0%         N/A       100%        6
 Plasma Beam              Fire/Air       0%         2x1d11    100%        6
 Statue Form              Tmut/Erth      0%         N/A       100%        6
 Enfeeble                 Hex            0%         N/A       100%        7
 Disjunction              Tloc           0%         N/A       100%        8


Dungeon Overview and Level Annotations

Branches:
Dungeon (11/15)            Temple (1/1) D:6            Lair (0/5) D:10
    Orc (0/2) D:9           IceCv (1/1)

Altars:
Ashenzari
Cheibriados
Dithmenos
Elyvilon
Fedhas
Gozag
Hepliaklqana
Kikubaaqudgha
Makhleb
Nemelex Xobeh
Okawaru
Qazlal
Ru
Sif Muna
Trog
Uskayaw
Vehumet
Wu Jian
Xom
Yredelemnul
Zin
The Shining One

Shops:
D:4 !   D:6 [   D:10 =


Innate Abilities, Weirdness & Mutations

You have a pair of horns on your head.
You reflexively headbutt those who attack you in melee.


Message History

The Shining One accepts your kill.
You are engulfed in freezing vapours.
You resist. You block the reaper's attack.
Your Fighting skill increases to level 9!
Your Armour skill increases to level 9!
Your Shields skill increases to level 9!
You slash the troll simulacrum! You headbutt the troll simulacrum!
The troll simulacrum vaporises!
The Shining One accepts your kill.
You feel better.
The reaper hits you from afar with a +0 scythe of freezing!!
The reaper freezes you.
Unknown command.
The reaper draws a finger across its throat.
The reaper hits you with a +0 scythe of freezing!!
The reaper freezes you.
The spriggan simulacrum hits you but does no damage.
Your shield is strengthened by the Shining One's divine power.
You block the reaper's attack.
You slice the reaper like a ripe choko!!!
The reaper is heavily wounded.
You barely miss the spriggan simulacrum.
An anaconda simulacrum comes into view.
You block the spriggan simulacrum's attack.
The reaper hits you with a +0 scythe of freezing!!
* * * LOW HITPOINT WARNING * * *
The reaper freezes you!
* * * LOW HITPOINT WARNING * * *
A dire elephant simulacrum comes into view.
Activating: Cleansing Flame (8% risk of failure)
Press: ? - help, Dir - look around, f - activate The golden flame engulfs you but does no damage.
You resist.
The golden flame engulfs the reaper!
The reaper writhes in agony!
The reaper is severely wounded.
The golden flame engulfs the spriggan simulacrum!!
The spriggan simulacrum writhes in agony!
The spriggan simulacrum vaporises!
The Shining One accepts your kill.
The reaper hits you with a +0 scythe of freezing.
You die...

...## }$ .∩..## .. .....#
##.### .∩...# ## .....
....## ##.##§§. ≈## ...##
#...○°°#...○§ ...## ##
#§°§§#..§○ #..### #...#
#...###2☼#.§###.....##
#...#
Z......@.#°.○...○°☼..#
...##
.....##..○...##○§○☼... ..##
...###......##§§°.☼..# .##
.. #........#.§...§.# ..##
.....##..####..≈☼○§# #..#
##....##......§°.# #..####
###...☼....°.☼### ....#.###
###.§§......##
........####..§######...###


You could see a reaper and a dire elephant simulacrum.

Vanquished Creatures
  Erica (D:10)
  5 two-headed ogres
  4 manticores (D:9)
  2 ice statues (IceCv)
  Maggie (D:7)
  An unseen horror (D:10)
  2 komodo dragons
  4 ice devils (IceCv)
  A polar bear (D:11)
  3 trolls (D:9)
  A merfolk (D:9)
  A wraith (D:5)
  4 wyverns
  2 hogs (D:9)
  14 yaks
  2 steam dragons
  An acid dragon (D:10)
  2 hydra simulacra (IceCv)
  A sky beast (D:6)
  3 ice beasts
  13 black bears
  6 orc warriors
  An ogre (D:6)
  5 centaurs
  A phantom (D:6)
  3 kobold brigands
  10 bullfrogs
  3 gnoll sergeants (D:9)
  2 cane toad simulacra (IceCv)
  5 two-headed ogre simulacra (IceCv)
  2 scorpions
  4 wights (D:9)
  9 killer bees
  A vampire bat (D:5)
  3 electric eels (D:9)
  4 howler monkeys
  4 hounds
  5 gnoll boudas (D:9)
  4 orc priests
  A sleepcap (D:6)
  5 iguanas
  6 orc wizards
  A troll simulacrum (IceCv)
  2 spriggan simulacra (IceCv)
  2 adders
  9 gnolls
  2 naga simulacra (IceCv)
  A shadow imp (D:4)
  4 white imps
  2 ufetubi
  3 worms
  2 dart slugs
  3 fire bats (D:5)
  26 orcs
  2 spectral bats (D:5)
  13 bats
  3 bat skeletons (D:5)
  A bat zombie (D:5)
  4 endoplasms
  4 giant cockroaches
  11 goblins
  8 hobgoblins
  3 jackals (D:1)
  18 kobolds
  2 quokkas (D:1)
  5 ball pythons
  A bat simulacrum (D:5)
  4 frilled lizards (D:7)
  7 rats
295 creatures vanquished.

Vanquished Creatures (others)
  An ufetubus (IceCv)
  An orc (D:10)
  72 plants
74 creatures vanquished.

Grand Total: 369 creatures vanquished

Notes
Turn   | Place    | Note
-------+----------+-------------------------------------------
     0 | D:1      | Chingon the Minotaur Fighter began the quest for the Orb.
     0 | D:1      | Reached XP level 1. HP: 19/19 MP: 0/0
    22 | D:1      | Found a faded altar of an unknown god.
    24 | D:1      | Noticed a floating eye
    27 | D:1      | Noticed a golden eye
    39 | D:1      | Noticed a floating eye
    39 | D:1      | Noticed a great orb of eyes
    83 | D:1      | Reached skill level 3 in Axes
   143 | D:1      | Reached XP level 2. HP: 26/26 MP: 1/1
   342 | D:1      | Reached skill level 4 in Axes
   715 | D:2      | Reached XP level 3. HP: 31/31 MP: 2/2
  1251 | D:3      | Reached skill level 5 in Axes
  1741 | D:4      | Reached XP level 4. HP: 39/39 MP: 3/3
  1996 | D:4      | Reached skill level 6 in Axes
  2003 | D:4      | Reached XP level 5. HP: 45/45 MP: 4/4
  2278 | D:4      | Reached skill level 7 in Axes
  2401 | D:4      | Found Faidev's Distillery.
  2633 | D:5      | Entered Level 5 of the Dungeon
  2633 | D:5      | Noticed a black bear
  2643 | D:4      | Killed a black bear
  2644 | D:4      | Reached skill level 8 in Axes
  2644 | D:4      | Reached XP level 6. HP: 51/51 MP: 5/5
  2684 | D:5      | Noticed a wraith
  2693 | D:5      | Killed a wraith
  2694 | D:5      | Reached skill level 9 in Axes
  2803 | D:5      | Reached XP level 7. HP: 44/57 MP: 6/6
  3070 | D:5      | Reached skill level 10 in Axes
  3230 | D:5      | Found a shimmering altar of Xom.
  3443 | D:6      | Reached skill level 11 in Axes
  3607 | D:6      | Found Nuwor's Antique Armour Emporium.
  3621 | D:6      | Reached XP level 8. HP: 50/64 MP: 7/7
  3775 | D:6      | Reached skill level 12 in Axes
  3809 | D:6      | Found a staircase to the Ecumenical Temple.
  3874 | Temple   | Entered the Ecumenical Temple
  4249 | Temple   | Became a worshipper of the Shining One
  4280 | D:6      | Reached skill level 1 in Invocations
  4537 | D:6      | Noticed a two-headed ogre
  4557 | D:6      | The Shining One protects you from harm!
  4559 | D:6      | Killed a two-headed ogre
  4560 | D:6      | Reached skill level 13 in Axes
  4560 | D:6      | Reached XP level 9. HP: 8/70 MP: 7/10
  5423 | D:7      | Noticed Maggie
  5437 | D:7      | Killed Maggie
  5438 | D:7      | Reached skill level 14 in Axes
  5438 | D:7      | Reached skill level 5 in Invocations
  5781 | D:7      | Noticed a komodo dragon
  5806 | D:7      | Killed a komodo dragon
  6448 | D:8      | Identified the +1 whip "Ucuoshacoth" {freeze, rPois}
  6843 | D:8      | Reached XP level 10. HP: 51/77 MP: 14/14
  7255 | D:9      | Reached skill level 15 in Axes
  7509 | D:9      | Found a snail-covered altar of Cheibriados.
  7522 | D:9      | Noticed a two-headed ogre
  7529 | D:9      | Killed a two-headed ogre
  7763 | D:9      | Reached * piety under the Shining One
  7859 | D:9      | Noticed a manticore
  7874 | D:9      | Killed a manticore
  8015 | D:9      | Reached skill level 16 in Axes
  8200 | D:9      | Noticed a two-headed ogre
  8208 | D:9      | Killed a two-headed ogre
  8314 | D:9      | Reached skill level 10 in Invocations
  8324 | D:9      | Reached XP level 11. HP: 82/84 MP: 17/17
  8663 | D:9      | Identified the +8 sling "Hunyuth" {antimagic, Str+2 Stlth+}
  8669 | D:9      | Reached skill level 5 in Armour
  8669 | D:9      | Reached skill level 5 in Shields
  8675 | D:9      | Reached skill level 5 in Fighting
  8685 | D:9      | Noticed a two-headed ogre
  8692 | D:9      | Killed a two-headed ogre
  9018 | D:9      | Reached ** piety under the Shining One
  9654 | D:9      | Found a staircase to the Orcish Mines.
  9939 | D:10     | Entered Level 10 of the Dungeon
 10010 | D:10     | Noticed Erica
 10013 | D:10     | Paralysed by Erica for 4 turns
 10020 | D:10     | Killed Erica
 10520 | D:10     | Noticed a two-headed ogre
 10525 | D:10     | Killed a two-headed ogre
 10526 | D:10     | Reached XP level 12. HP: 99/101 MP: 18/18
 10578 | D:10     | Found Enelog's Jewellery Boutique.
 10785 | D:10     | Found a staircase to the Lair.
 10942 | D:11     | Identified a scroll of acquirement
 10964 | D:11     | Found a frozen archway.
 10976 | IceCv    | Entered an ice cave
 10990 | IceCv    | Reached *** piety under the Shining One
 11351 | IceCv    | Noticed a reaper
 11354 | IceCv    | Reached **** piety under the Shining One
 11361 | IceCv    | HP: 3/104 [reaper/+0 scythe of freezing (7)]
 11362 | IceCv    | Slain by a reaper

Illustrated notes

Levels and vault maps discovered:
D:1:      wander_arrival_lonely_grave, layout_basic,
          hellmonk_ecumenical_altar_watching_god
D:2:      layout_loops_ring, serial_bayou_lagoon_a, minmay_fountain_box,
          st_stairs_6, minmay_cupped
D:3:      layout_rooms, minmay_misc_feat_ornament, minmay_increasing_density
D:4:      layout_loops_ring, serial_shops, nicolae_shop_pleasant_corner_grove
D:5:      layout_loops_ring, mainiacjoe_overflow_six_doors_small,
          serial_bayou_pond_a, goddamned_bats
D:6:      layout_basic, minmay_temple_entry_gardened_gates, serial_shops, shop
D:7:      layout_gridville, minmay_lizard_king, uniq_maggie
D:8:      layout_loops_ring
D:9:      kennysheep_town
D:10:     layout_rooms, david_lair_shrubbed, serial_shops,
          nicolae_shop_real_fake_doors, nicolae_elevator_lobby_plus, uniq_erica
D:11:     layout_roguey, serial_ice, serial_ice_e, serial_ice_g, serial_ice_a,
          serial_ice_k, serial_ice_h, serial_ice_d,
          portal_ice_cave_entry_pillars_1, ebering_ghost_disaster_area
Temple:   compressed_dpeg_triangle_lava_temple
IceCv:    ice_cave_small_demon

Skill      XL: |  1  2  3  4  5  6  7  8  9 10 11 12 |
---------------+-------------------------------------+-----
Axes           | 3 4 5 6 8 9 11 13 14 16 | 16.0
Invocations    | 3 7 10 | 10.0
Fighting       | 4 8 9 |  9.0
Armour         | 4 8 9 |  9.0
Shields        | 4 8 9 |  9.0

Action                     |  1- 3 |  4- 6 |  7- 9 | 10-12 || total
---------------------------+-------+-------+-------+-------++-------
  Melee: War axe           |    93 |    74 |   206 |   263 ||   636
         Headbutt          |    11 |    12 |    32 |    63 ||   118
 Invoke: Divine Shield     |       |       |       |     2 ||     2
         Cleansing Flame   |       |       |       |     1 ||     1
    Use: Scroll            |       |       |       |    13 ||    13
 Armour: Scale mail        |    11 |       |       |       ||    11
         Plate armour      |    33 |    40 |   155 |   136 ||   364
  Dodge: Dodged            |    38 |    19 |    64 |    75 ||   196
  Block: Buckler           |    12 |    18 |    48 |    66 ||   144
